 Dungeon Crawl Stone Soup version 0.27.1-1-g398f81649c (webtiles) character file.

Game seed: 9402706798609451315

205 ABBCCCDDDD the Skirmisher (level 5, 0/38 HPs)
             Began as an Octopode Monk on Sept 20, 2021.
             Slain by a kobold brigand (6 damage)
             ... in a sewer.
             The game lasted 00:02:40 (2553 turns).

ABBCCCDDDD the Skirmisher (Octopode Monk)           Turns: 2553, Time: 00:02:41

Health: 0/38       AC:  1    Str: 10    XL:     5   Next: 83%
Magic:  5/5        EV: 14    Int: 13    God:
Gold:   76         SH:  0    Dex: 15    Spells: 4/4 levels left

rFire    . . .     SeeInvis .     - Unarmed
rCold    . . .     Faith    .   (no shield)
rNeg     . . .     Spirit   .   (helmet restricted)
rPois    .         Reflect  .   (no amulet)
rElec    .         Harm     .   (no ring)
rCorr    .         Rampage  .   (no ring)
Will     .....                  (no ring)
Stlth    +++.......             (no ring)
HPRegen  0.12/turn              (no ring)
MPRegen  0.09/turn              (no ring)
                                (no ring)
                                (no ring)

@: no status effects
A: almost no armour, amphibious, 8 rings, camouflage 1, gelatinous body 1,
(nimble swimmer 1), tentacles
a: no special abilities


You were in a sewer.
You visited 1 branch of the dungeon, and saw 3 of its levels.
You also visited: Sewer.

You collected 76 gold pieces.

Inventory:

Missiles
 b - a curare-tipped dart
 g - 7 javelins (quivered)
Wands
 l - a wand of polymorph (13)
Scrolls
 a - 2 scrolls of identify {unknown}
 c - 3 scrolls of magic mapping {unknown}
 e - a scroll of enchant weapon {unknown}
 j - a scroll of silence {unknown}
Potions
 d - 2 potions of curing {unknown}
 f - a potion of attraction {unknown}
 h - a potion of brilliance {unknown}
 i - 2 potions of berserk rage {unknown}
 k - a potion of cancellation {unknown}
 m - a potion of haste {unknown}
 n - a potion of invisibility {unknown}
 o - a potion of mutation {unknown}
 p - 3 potions of might {unknown}
 q - a potion of experience {unknown}


   Skills:
 + Level 4.9 Fighting
 - Level 3.0 Dodging
 - Level 2.6 Stealth
 + Level 4.9 Unarmed Combat


You had 4 spell levels left.
You didn't know any spells.
Your spell library was empty.

Dungeon Overview and Level Annotations

Branches:
Dungeon (3/15)              Sewer (1/1)

Altars:

Annotations:
D:3 Terence


Innate Abilities, Weirdness & Mutations

You cannot wear most types of armour.
You are amphibious.
You can wear up to eight rings at the same time.
Your skin changes colour to match your surroundings (Stealth+).
Your rubbery body absorbs attacks. (AC +1, EV +1)
((You are camouflaged near water. (Stealth+)))
You have tentacles for arms and can constrict up to eight enemies at once.


Message History

There are monsters nearby!
There are monsters nearby!
The kobold shouts!
The kobold brigand shouts! x2; The kobold shouts!
There is a large open door here.
You tentacle-slap the kobold brigand but do no damage.
Your grab misses the kobold brigand.
Your tentacle-slap misses the kobold brigand.
The kobold brigand closely misses you.
You bludgeon the kobold brigand! Your grab misses the kobold brigand.
The kobold brigand is moderately wounded.
The kobold brigand closely misses you.
You barely miss the kobold brigand. You grab the kobold brigand.
The kobold brigand is moderately wounded.
You constrict the kobold brigand. The kobold barely misses you.
The kobold brigand hits you with a +0 club!
You tentacle-slap the kobold brigand.
The kobold brigand is heavily wounded.
You constrict the kobold brigand. The kobold closely misses you.
You tentacle-slap the kobold brigand.
The kobold brigand is severely wounded.
You constrict the kobold brigand.
The kobold brigand hits you with a +0 club.
The kobold hits you with a +0 dagger. x2
You tentacle-slap the kobold brigand.
The kobold brigand is severely wounded.
You constrict the kobold brigand. The kobold brigand closely misses you.
The kobold hits you with a +0 dagger.
The kobold brigand hits you with a +0 club.
You completely miss the kobold brigand. You squeeze the kobold brigand.
The kobold brigand is almost dead.
You constrict the kobold brigand. The kobold hits you with a +0 dagger.
The kobold brigand hits you with a +0 club!
* * * LOW HITPOINT WARNING * * *
The kobold hits you with a +0 dagger.
* * * LOW HITPOINT WARNING * * *
The kobold brigand hits you with a +0 club.
* * * LOW HITPOINT WARNING * * *
You release your grip on the kobold brigand.
The kobold brigand hits you with a +0 club.
You die...

##.....≈≈≈≈≈≈≈#≈≈...###
#..P..≈≈≈#≈≈≈#≈≈..##
##....≈≈P#≈≈≈#....##
#......≈#≈≈≈#.....#
#P.....P#≈≈≈#.....#
#.......#≈≈≈#P≈≈..#
##...≈.≈#≈≈≈#≈≈...#
#...≈≈≈#≈≈≈#≈≈P..#
###.@≈≈#≈≈))≈)≈..#
##KK##≈≈≈##)'###
#.KK.#≈≈≈#....#
#.!K.#####....# #..∩!#
#.∩..# #.?..# #...[#
###### ######


You could see 2 kobold brigands and 3 kobolds.

Levels and vault maps discovered:
D:1:      dpeg_arrival_short_road, layout_loops_corners,
          shapermc_ecumenical_altar_pompeii
D:2:      layout_basic, minmay_between
D:3:      layout_loops_corners, makhleb_altar_promises_db, portal_sewer_entry_e,
          uniq_grinder, uniq_terence, uniq_jessica, uniq_crazy_yiuf_cottage
Sewer:    kennysheep_pipe_town

Notes
Turn   | Place    | Note
-------+----------+-------------------------------------------
     0 | D:1      | ABBCCCDDDD the Octopode Monk began the quest for the Orb.
     0 | D:1      | Reached XP level 1. HP: 16/16 MP: 1/1
    95 | D:1      | Reached XP level 2. HP: 20/21 MP: 2/2
   990 | D:1      | Found a faded altar of an unknown god.
  1002 | D:1      | Reached XP level 3. HP: 26/26 MP: 3/3
  1535 | D:2      | Reached XP level 4. HP: 33/33 MP: 4/4
  1789 | D:3      | Noticed Terence
  1867 | D:3      | Noticed Jessica
  1989 | D:3      | Killed Jessica
  2000 | D:3      | Found a glowing drain.
  2005 | Sewer    | Entered a sewer
  2034 | Sewer    | Reached XP level 5. HP: 38/38 MP: 5/5
  2276 | Sewer    | Noticed a kobold brigand
  2292 | Sewer    | Killed a kobold brigand
  2544 | Sewer    | Noticed a kobold brigand
  2544 | Sewer    | Noticed a kobold brigand
  2553 | Sewer    | Slain by a kobold brigand

Table legend: (Time is in decaauts)
 A = Elapsed time spent in this place.
 B = Non-inter-level travel time spent in this place.
 C = Inter-level travel time spent in this place.
 D = Time resting spent in this place.
 E = Time spent auto-exploring this place.
 F = Levels seen in this place.
 G = Mean time per level.
                   A        B        C        D        E       F      G
               +--------+--------+--------+--------+--------+-----+--------+
         Total |   2541 |   2487 |     54 |    257 |   1753 |   4 |  635.2 |
       Dungeon |   1998 |   1944 |     54 |    257 |   1319 |   3 |  666.0 |
         Sewer |    543 |    543 |      0 |      0 |    434 |   1 |  543.0 |
               +--------+--------+--------+--------+--------+-----+--------+

Top non-repeatable levels by time:
     D:1: 1113 daAuts
     D:2: 555 daAuts
   Sewer: 543 daAuts
     D:3: 329 daAuts

Table legend:
 A = Kills in this place as a percentage of kills in entire the game.
 B = Kills by you in this place as a percentage of kills by you in the entire game.
 C = Kills by friends in this place as a percentage of kills by friends in the entire game.
 D = Other kills in this place as a percentage of other kills in the entire game.
 E = Experience gained in this place as a percentage of experience gained in the entire game.
 F = Experience gained in this place divided by the number of levels of this place that you have seen.
                   A       B       C       D       E      F
               +-------+-------+-------+-------+-------+----------------------
         Total | 100.0 | 100.0 |   N/A |   N/A | 100.0 |  73.5
       Dungeon |  72.5 |  72.5 |   N/A |   N/A |  55.8 |  54.7
         Sewer |  27.5 |  27.5 |   N/A |   N/A |  44.2 | 130.0
               +-------+-------+-------+-------+-------+----------------------

Action                   |  1- 3 |  4- 6 || total
-------------------------+-------+-------++-------
Melee: Unarmed           |    79 |    75 ||   154
       Constrict         |    25 |    18 ||    43
       Tentacles         |    15 |    12 ||    27
       Punch             |     1 |     2 ||     3
  Use: Potion            |     1 |     1 ||     2
 Stab: Sleeping          |    10 |     8 ||    18
       Distracted        |     1 |       ||     1
Armor: Skin              |     6 |       ||     6
Dodge: Dodged            |    47 |    42 ||    89

Vanquished Creatures
  A kobold brigand (Sewer)
  Jessica (D:3)
  4 adders
  5 orcs (D:3)
  6 endoplasms
  2 giant cockroaches (Sewer)
  5 goblins
  6 hobgoblins
  4 jackals (D:1)
  A quokka (D:2)
  7 ball pythons
  5 bats
  5 frilled lizards
  11 kobolds
  6 rats
69 creatures vanquished.
